[Event "FTX Road to Miami Prelims 2022"]
[Site "Online"]
[Date "2022.07.04"]
[Round "2.1"]
[White "Niemann, Hans Moke"]
[Black "Xiong, Jeffery"]
[Result "0-1"]
[ECO "A34"]
[WhiteElo "2688"]
[BlackElo "2691"]
[Annotator "TA"]
[PlyCount "86"]
[EventDate "2022.07.10"]
[EventType "tourn"]
[EventCountry "NET"]
[SourceTitle "playchess.com"]
[Source "ChessBase"]
[SourceQuality "1"]
[TimeControl "40/5400+30:1800+30"]

1. Nf3 Nf6 2. c4 c5 3. Nc3 d5 4. cxd5 Nxd5 5. g3 Nc6 6. Bg2 Nc7 7. O-O e5 8. d3 Be7 9. Nd2 Be6 {[%emt 0:00:22] 9...0-0 is a critical line.} 10. Nc4 {[%emt 0:00:54] A34: Symmetrical English: 2 Nc3, lines with ...d5.} (10. Bxc6+ $5 bxc6 11. Nc4 $11) 10... Nd5 11. Ne3 (11. Qb3 {keeps more tension.} Nd4 12. Qa4+ b5 13. Nxb5 Nxe2+ 14. Kh1) 11... Nb6 12. b3 {[%emt 0:00:40] [#] The position is equal.} Qd7 $5 $146 {[%emt 0:00:43][%mdl 8] New and interesting.} ({Predecessor:} 12... Rc8 13. Bb2 O-O 14. Rc1 f6 15. Nc4 Re8 16. Rc2 Qd7 17. Nxb6 axb6 18. Na4 Qd8 {½-½ (26) Scarella,E (2367)-Lafuente,P (2435) Vicente Lopez 2005}) 13. Ba3 O-O 14. Rc1 Rfc8 15. Nc4 Bh3 16. Bxh3 Qxh3 17. Bb2 Rd8 18. Ne4 (18. Qd2 $11) 18... Nxc4 $17 19. Rxc4 f5 20. Nxc5 Rd6 21. f3 (21. Bc1 $2 f4 22. Rxf4 exf4 23. Bxf4 Rd5 $19) 21... b5 {[%emt 0:01:13][%mdl 1024] Black has strong compensation.} (21... Rh6 22. Rf2 $14) 22. Rc3 Nb4 $1 $40 {[%emt 0:00:59][%cal Oe7h4][%mdl 128] Strongly threatening ...Bh4! Black goes for the king. Black is more active.} (22... Rh6 $6 23. Rf2 $11) 23. e4 $2 (23. Rf2 $17) 23... f4 $19 (23... Rh6 24. Qe2 $11) 24. g4 {[%emt 0:01:21] [#]} h5 $1 (24... Rh6 25. Qd2 $11) 25. gxh5 Qxh5 (25... Nxa2 26. Rc2 Nb4 27. Rd2 (27. Bxe5 Rh6 $17) 27... Qxh5 28. d4 $15) 26. Qe2 Nxa2 27. Rc2 Nb4 28. Rcc1 Rad8 {[%emt 0:01:18] aiming for ...Rc6.} 29. Rfd1 (29. Kh1 $142 Nxd3 30. Nxd3 Rxd3 31. Rcd1 Rxd1 32. Rxd1) 29... Rg6+ (29... Rc6 30. d4 $17) 30. Kh1 Rg3 {[%emt 0:00:21] ...Rh3 is the strong threat.} 31. Ba3 $2 {[%emt 0:03:00] [#]} ({Much worse is} 31. Ne6 Rd6 32. Nc5 (32. Rc8+ $2 Kf7 $19) 32... Rh6 $19) (31. d4 {might work better.} Qxf3+ 32. Qxf3 Rxf3 33. Ne6) 31... Nc6 $2 (31... Na2 $1 $19 {[%mdl 512] is more deadly.} 32. Rc2 b4 33. Rxa2 Bxc5) 32. Ne6 $17 Nd4 {[%emt 0:00:21] Chess con chili.} 33. Nxd4 Bxa3 34. Nf5 (34. Nc6 $17 Bxc1 35. Nxd8) 34... Bxc1 $19 ({Stronger than} 34... Qxf3+ 35. Qxf3 Rxf3 36. Ra1 $19) 35. Nxg3 fxg3 36. Rxc1 {[%emt 0:00:22] [#]} Rxd3 $3 {[%emt 0:00:22][%mdl 4608] Endgame KQR-KQR} 37. b4 (37. Rc8+ Kh7) 37... Rxf3 {[%emt 0:00:39][%cal Of3f1] ( -> ...Rf1+!)} 38. Rg1 {[%emt 0:00:36] Inhibits Rf1.} Qxh2+ 39. Qxh2 gxh2 40. Rg5 (40. Ra1) 40... Rb3 {[%emt 0:00:22] Black is clearly winning.} 41. Rxe5 Rxb4 42. Kxh2 a5 43. Kg3 a4 {[%emt 0:00:21] Weighted Error Value: White=0.77/Black=0.20 (precise)} 0-1

[Event "FTX Road to Miami Prelims 2022"]
[Site "Online"]
[Date "2022.07.04"]
[Round "2.2"]
[White "Tari, Aryan"]
[Black "Giri, Anish"]
[Result "1/2-1/2"]
[ECO "B84"]
[WhiteElo "2672"]
[BlackElo "2760"]
[Annotator "TA"]
[PlyCount "56"]
[EventDate "2022.07.10"]
[EventType "tourn"]
[EventCountry "NET"]
[SourceTitle "playchess.com"]
[Source "ChessBase"]
[SourceQuality "1"]
[TimeControl "40/5400+30:1800+30"]

1. e4 c5 2. Nf3 d6 3. d4 cxd4 4. Nxd4 Nf6 5. Nc3 a6 6. a4 e6 7. a5 Be7 8. Be2 O-O 9. O-O Qc7 10. Be3 Nbd7 11. Nb3 b5 12. axb6 Nxb6 13. Qd4 {[%emt 0:01:53] B84: Sicilian Scheveningen: 6 Be2 a6, lines without early Be3.} Nfd7 14. Rfd1 Bb7 15. Na5 {[%emt 0:01:11] [#] White is slightly better.} Rfc8 $146 ({Predecessor:} 15... Bc8 16. Nc4 Nxc4 17. Qxc4 Qxc4 18. Bxc4 Bb7 19. Bf4 Nb6 20. Be2 Rfd8 21. Ra5 Bf6 22. Rxd6 Rxd6 23. Bxd6 Bxc3 24. bxc3 Bxe4 25. Rxa6 Rxa6 26. Bxa6 Bxc2 {½-½ (26) De la Hoz Sanchez,R (2009)-Ramos Lopez,V (2190) Gran Canaria 2009}) 16. Ra2 {[%emt 0:02:08] White is much more active.} Nc5 (16... e5 17. Qd2 $16) 17. Nxb7 Qxb7 18. Rda1 Nbd7 19. f3 h6 20. Kh1 Rc6 21. Qd2 {[%emt 0:01:14][%cal Ob2b4] aiming for b4!} Rb8 22. Bf1 Bf6 23. Bd4 Qb4 24. Bxf6 Nxf6 25. Qf2 ({Not} 25. Bxa6 Nxa6 26. Rxa6 Qxb2 $17) 25... Qb6 26. Qd2 Qb4 27. Qf2 ({Stronger than} 27. Bxa6 Nxa6 28. Rxa6 Qxb2 $17) 27... Qb6 28. Qd2 Qb4 {[%emt 0:00:37] Weighted Error Value: White=0.13 (very precise) /Black=0.04 (flawless)} 1/2-1/2

[Event "FTX Road to Miami Prelims 2022"]
[Site "Online"]
[Date "2022.07.04"]
[Round "2.3"]
[White "Sevian, Samuel"]
[Black "Ju, Wenjun"]
[Result "1-0"]
[ECO "A29"]
[WhiteElo "2684"]
[BlackElo "2560"]
[Annotator "TA"]
[PlyCount "41"]
[EventDate "2022.07.10"]
[EventType "tourn"]
[EventCountry "NET"]
[SourceTitle "playchess.com"]
[Source "ChessBase"]
[SourceQuality "1"]
[TimeControl "40/5400+30:1800+30"]

1. c4 Nf6 2. Nc3 e5 3. Nf3 Nc6 4. g3 Bb4 5. Bg2 O-O 6. Nd5 e4 {[%emt 0:00:41] A29: English Opening: Four Knights Variation with 4 g3.} 7. Nh4 d6 8. O-O {[%emt 0:00:24] 8.0-0 has lost popularity.} g5 {[%emt 0:02:35] The position is equal.} 9. d4 $1 {[%emt 0:00:24] [#]} Nxd5 $146 (9... gxh4 $2 10. Bg5 $18) (9... h6 $11 {keeps the balance.}) ({Predecessor:} 9... h6 10. Ne3 gxh4 11. a3 Ba5 12. b4 Bb6 13. c5 h3 14. Bh1 dxc5 15. dxc5 Qxd1 16. Rxd1 Bxc5 17. bxc5 {½-½ (40) Caruana,F (2823)-Esipenko,A (2677) Wijk aan Zee 2021}) 10. cxd5 $16 gxh4 (10... Nb8 $16 {might work better.}) 11. dxc6 $18 bxc6 {[%emt 0:01:47] [#]} 12. Qa4 $1 ({Not} 12. Bxe4 d5 13. Bc2 Bg4 $16) 12... c5 13. a3 ({Weaker is} 13. Bxe4 Bd7 14. Qb3 Rb8 $16) 13... Bd7 14. Qa6 h3 15. Bh1 cxd4 16. axb4 {[%emt 0:00:23] White is clearly winning.} Qe7 17. Rd1 Qe5 18. Qc4 Bg4 19. Qxd4 Bxe2 20. Qxe5 dxe5 21. Re1 {[%emt 0:00:21] Black did not feel at home in the position after the opening.  Weighted Error Value: White=0.15 (very precise) /Black=0.62} 1-0

[Event "FTX Road to Miami Prelims 2022"]
[Site "Online"]
[Date "2022.07.04"]
[Round "2.4"]
[White "Aronian, Levon"]
[Black "Erigaisi Arjun"]
[Result "0-1"]
[ECO "B50"]
[WhiteElo "2775"]
[BlackElo "2689"]
[Annotator "TA"]
[PlyCount "120"]
[EventDate "2022.07.10"]
[EventType "tourn"]
[EventCountry "NET"]
[SourceTitle "playchess.com"]
[Source "ChessBase"]
[SourceQuality "1"]
[TimeControl "40/5400+30:1800+30"]

1. e4 c5 2. Nf3 d6 3. Bc4 Nf6 4. d3 e6 5. O-O Be7 6. a4 {[%emt 0:00:26] B50: Sicilian: 2...d6, Miscellaneous.} O-O 7. Nbd2 Nc6 8. Re1 {[%emt 0:00:24] The position is equal.} a6 9. c3 Bd7 10. Bb3 b5 11. Nf1 Qc7 12. Ng3 {[%emt 0:00:30] [#]} Rfc8 $146 ({Predecessor:} 12... Ne5 13. d4 Nxf3+ 14. Qxf3 cxd4 15. cxd4 bxa4 16. Ba2 Qb7 17. d5 Kh8 18. Bg5 e5 {0-1 (50) Mohr,G (2444)-Shengelia,D (2482) Austria 2005}) 13. Bf4 Qb7 14. axb5 axb5 15. Rxa8 Qxa8 16. d4 cxd4 17. cxd4 Nb4 {[%emt 0:02:02] Inhibits d5.} 18. h4 h6 {[%emt 0:02:34] Inhibits Bg5.} (18... d5 $11) 19. h5 (19. Qd2 $1 $16 d5 20. Ne5) 19... Bf8 20. Qd2 Nc6 21. Bc2 Qa5 22. Qd1 e5 23. Bd2 Qa2 24. d5 Nd4 25. Nxd4 exd4 26. Qb1 Qxb1 (26... Qa7 $1 $11) 27. Bxb1 $16 Bg4 (27... Ra8 $142) 28. f3 $1 $36 {[%emt 0:00:21][%mdl 2048] White is in control.} Bxh5 29. Nf5 Nd7 30. Rc1 Ra8 31. Nxd4 Ne5 32. Bf4 (32. Bc3 $18) 32... f6 33. Nxb5 (33. Kf2 $142) 33... Rb8 34. Bxe5 dxe5 35. Bd3 Be8 36. Nc7 Bd7 37. Ne6 Bd6 {[%emt 0:00:38] Inhibits Rc7.} 38. Rb1 (38. Nc5 $5 Be8 39. b3 $14) 38... Kf7 39. Bc4 g6 40. b3 Ra8 41. g4 Ra2 42. Rc1 Ke7 43. Rc3 Bb4 44. Rc1 h5 45. gxh5 gxh5 46. Kh1 h4 47. Rg1 Kd6 {[%emt 0:00:21] [#]} (47... Rf2 $11) 48. Rg7 ({Better is} 48. Rg6 $1 $16) 48... Be1 $11 49. Nd8 {[%emt 0:00:41] Nb7+ is the strong threat.} Bc8 (49... Bg3 $11) 50. Nf7+ ({White should play} 50. b4 $1 $14 Ra1 51. Nf7+ Kc7 52. Nxe5+ Kb6 53. Nd7+ Bxd7 54. Rxd7) 50... Kc5 {[%emt 0:00:25] Threatens to win with ...Bh3.} 51. Nxe5 Kd4 52. Nc6+ {[%emt 0:01:01] [#]} (52. Rg2 $11 Rxg2 53. Nc6+ Ke3 54. Kxg2) 52... Ke3 $1 $17 {[%emt 0:00:21] aiming for ...Bh3.} 53. d6 $2 (53. Rg1 $17 Bg3 54. Rd1 (54. Rf1 $2 Bh3 $19)) 53... Bh3 $2 (53... Bg3 $19 {( -> ...Kf2)} 54. Ra7 (54. d7 Kf2 55. d8=Q Ra1+) 54... Rd2) 54. Bf1 $1 $11 Bxf1 55. d7 Be2 56. d8=Q {[%emt 0:00:41] White wants to mate with Qd4+.} Bxf3+ 57. Rg2 $1 Rxg2 {[%emt 0:00:39] The board is on fire.} 58. Qd4+ $2 (58. Qb6+ $11 Kd3 59. Qd8+ Ke3 60. Qb6+ (60. Qd4+ {gets mated.} Ke2 61. Qxf6 Rf2+) 60... Kd3 61. Qd8+ Ke3) 58... Ke2 {[%emt 0:00:21] Black mates.} 59. Qc4+ Kf2 60. Qc5+ Kf1 {[%emt 0:00:26] Quite a comeback for Black.  Weighted Error Value: White=0.36/Black=0.29 (precise)} 0-1

[Event "FTX Road to Miami Prelims 2022"]
[Site "Online"]
[Date "2022.07.04"]
[Round "2.6"]
[White "Rapport, Richard"]
[Black "Duda, Jan-Krzysztof"]
[Result "1/2-1/2"]
[ECO "C42"]
[WhiteElo "2764"]
[BlackElo "2750"]
[Annotator "TA"]
[PlyCount "176"]
[EventDate "2022.07.10"]
[EventType "tourn"]
[EventCountry "NET"]
[SourceTitle "playchess.com"]
[Source "ChessBase"]
[SourceQuality "1"]
[TimeControl "40/5400+30:1800+30"]

1. e4 e5 2. Nf3 Nf6 3. Nxe5 d6 4. Nf3 Nxe4 5. Qe2 Qe7 6. d3 Nf6 7. Nc3 Qxe2+ 8. Bxe2 g6 {[%emt 0:00:21] C42: Petroff Defence: 3 Nxe5 and unusual White 3rd moves.} 9. Nd4 a6 10. h3 Bg7 11. Be3 Bd7 12. Bf3 Nc6 13. Nxc6 Bxc6 14. Bxc6+ bxc6 {[%emt 0:00:20] [#]} 15. O-O-O $146 ({Predecessor:} 15. g4 Kd7 16. Kd2 Rab8 17. Rab1 h5 18. g5 Nd5 19. Nxd5 cxd5 20. d4 Rhe8 21. f3 Re6 {½-½ (21) Selyanin,D-Yurchenko,N (2074) Kislovodsk 2011}) 15... Nd5 16. Nxd5 cxd5 17. d4 Kd7 18. Rd3 Rhb8 19. Re1 Re8 20. Kd1 Rab8 {[%emt 0:00:31] The position is equal.} 21. Rb3 Rxb3 22. axb3 c5 23. dxc5 dxc5 24. Bxc5 Rxe1+ 25. Kxe1 Bxb2 $11 {[%emt 0:00:21][%mdl 4096] Endgame KB-KB} 26. Ke2 Kc6 27. Bf8 Bd4 28. g4 Kb5 29. f3 Kc6 30. Kd3 Be5 31. Bh6 Bf6 32. Be3 Be5 33. Bd4 Bg3 34. Bg7 Bf2 35. Be5 Bb6 36. Bf6 Bc5 37. f4 Bd6 38. f5 Bc5 39. Ke2 Bd6 40. Ke3 Kc5 41. Bb2 Kc6 42. Kd4 Bf8 {[%emt 0:00:40] [#] Threatens to win with ...Bg7+.} 43. Kd3 Bc5 44. Be5 Bb6 45. Ke2 Bd8 46. Ke3 Bg5+ 47. Kd4 Bd8 48. Kd3 Bb6 49. Ke2 Bd8 50. Kf3 Bg5 51. Bf4 Bf6 52. Ke2 Bd8 53. Kd3 Bf6 54. Bh6 Be5 55. h4 Bf6 56. h5 Be5 57. Bf8 Bf6 58. Bb4 Bd8 59. Ke3 Bg5+ 60. Kf3 Kb5 61. Bf8 Kc6 62. Ke2 Bf6 63. Kd3 Kb5 64. Bd6 Kc6 65. Bf4 Kc5 66. Be3+ Kc6 67. Bf2 Bd8 68. Bd4 Bh4 69. Ke3 Bg5+ 70. Kf3 Kd6 71. Ke2 Kc6 72. Kf2 Kd7 73. Be3 Bf6 74. Kf3 Be5 75. Bg5 Kc6 76. Ke3 Kc5 77. Kd3 Kd6 78. c4 dxc4+ 79. Kxc4 Kc6 80. Be7 Bb2 81. Bc5 Be5 82. Be3 Bf6 83. hxg6 hxg6 84. fxg6 fxg6 85. Bf4 Bg7 86. Be3 Bf6 87. Bf4 Bg7 88. Be3 Bf6 {[%emt 0:00:21] Not much happened in this game.  Weighted Error Value: White=0.07 (flawless) /Black=0.06 (flawless)} 1/2-1/2

[Event "FTX Road to Miami Prelims 2022"]
[Site "Online"]
[Date "2022.07.04"]
[Round "2.7"]
[White "Wojtaszek, Radoslaw"]
[Black "Dominguez Perez, Leinier"]
[Result "1/2-1/2"]
[ECO "D27"]
[WhiteElo "2708"]
[BlackElo "2754"]
[Annotator "TA"]
[PlyCount "205"]
[EventDate "2022.07.10"]
[EventType "tourn"]
[EventCountry "NET"]
[SourceTitle "playchess.com"]
[Source "ChessBase"]
[SourceQuality "1"]
[TimeControl "40/5400+30:1800+30"]

1. d4 d5 2. c4 dxc4 3. e3 Nf6 4. Bxc4 e6 5. Nf3 a6 6. O-O c5 7. Nbd2 cxd4 8. Nxd4 Bc5 9. N2f3 O-O 10. b3 Qe7 11. Ne5 Nbd7 12. Ndf3 Nxe5 13. Nxe5 b5 14. Bd3 Bb7 15. Bb2 Rfd8 16. Qe2 Ba3 17. Rfd1 Rac8 18. Rac1 h6 19. Rxc8 Rxc8 20. Bd4 Be4 21. Ng4 Bxd3 22. Nxf6+ Qxf6 23. Qxd3 Qf5 24. e4 Qh5 25. Be3 Be7 26. f3 Qe5 27. Bd4 Qc7 28. Be3 Bg5 29. Bf2 Qc2 30. h4 Bf6 31. Qd2 a5 32. Be3 a4 33. Rc1 Qxc1+ 34. Qxc1 Rxc1+ 35. Bxc1 axb3 36. axb3 Bxh4 37. Kf1 Kf8 38. Ke2 Ke8 39. Kd3 Kd7 40. Bb2 g6 41. Bg7 h5 42. Kd4 Kc6 43. Bf8 Bf6+ 44. Kd3 Be5 45. Bb4 f5 46. Be7 Bd6 47. Bg5 Bc5 48. Kc3 Kd7 49. Kd3 Be7 50. Bd2 Bf6 51. f4 Kc6 52. Be3 Be7 53. Bc1 Bc5 54. Bd2 Bb6 55. Bc1 Bg1 56. Bd2 Kc5 57. Be1 Bh2 58. Bd2 Bg3 59. exf5 exf5 60. Ke3 Bh4 61. Kd3 Bf6 62. Ke3 $2 (62. Be3+ $17 Kd5 63. Bb6) 62... g5 $1 63. Kd3 g4 64. Be3+ Kd5 65. g3 Be7 66. Bd4 Bb4 (66... h4 $142 67. gxh4 Bxh4 68. Bg1 Bg3 69. Ke3 Kc5 70. Kd3+ Kb4 71. Kd4 Bxf4 72. Kd5 Bg3 73. Be3 Kxb3 74. Kd4 Kc2 75. Bh6 b4 76. Kd5 b3 77. Bg7 b2 78. Ke6 f4 79. Be5 b1=Q 80. Kf5 Qb5 81. Ke6 Qc6+ 82. Ke7 Bh4+ 83. Kf8 Qc5+ 84. Kg7 Qxe5+ 85. Kh7 g3 86. Kh6 g2 87. Kh7 g1=Q 88. Kh6 Qh8#) 67. Bf6 $19 {[%emt 0:00:26] [#]} Ke6 $2 (67... Bf8 $1 $19 {and Black stays clearly on top.} 68. Bd8 Kc5) 68. Bd8 Bc5 69. Ke2 Kd5 70. Kd3 Bf2 71. Bh4 Kc5 72. Be7+ Kb6 73. Bh4 Ka5 74. Kc3 Be1+ 75. Kc2 Ka6 76. Kd3 {[%emt 0:00:25] [#]} Bf2 $1 77. Ke2 Bc5 78. Kd3 Kb7 79. Ke2 Kc8 80. Kd3 Kd7 81. Ke2 Be7 (81... Kc6 $17 {aiming for ...Bf8.} 82. Kd3 Kd7) 82. Bxe7 $11 Kxe7 83. b4 $1 Kf7 84. Kf2 $1 Kg7 85. Kg1 Kh7 86. Kh1 Kh6 87. Kh2 Kg7 88. Kg1 Kf8 89. Kf2 Kf7 90. Kf1 Kg6 91. Kg2 Kf6 92. Kf2 Ke7 93. Ke3 Ke8 94. Ke2 Kd8 95. Kd2 Kc7 96. Ke3 Kc6 97. Ke2 Kd7 98. Kd3 Ke6 99. Ke2 Ke7 100. Ke3 Kf7 101. Kf2 Kf6 102. Kf1 Kg7 103. Kg1 1/2-1/2

[Event "FTX Road to Miami Prelims 2022"]
[Site "Online"]
[Date "2022.07.04"]
[Round "2.8"]
[White "Shankland, Sam"]
[Black "Wei, Yi"]
[Result "1/2-1/2"]
[ECO "B90"]
[WhiteElo "2720"]
[BlackElo "2727"]
[Annotator "TA"]
[PlyCount "68"]
[EventDate "2022.07.10"]
[EventType "tourn"]
[EventCountry "NET"]
[SourceTitle "playchess.com"]
[Source "ChessBase"]
[SourceQuality "1"]
[TimeControl "40/5400+30:1800+30"]

1. e4 c5 2. Nf3 d6 3. d4 cxd4 4. Nxd4 Nf6 5. Nc3 a6 6. Be3 e5 7. Nb3 Be6 8. h3 {[%emt 0:00:21] B90: Sicilian Najdorf: Unusual White 6th moves, 6 Be3 Ng4 and 6 Be3 e5.} Be7 9. Qf3 O-O 10. g4 a5 11. a4 Na6 12. O-O-O Nb4 13. Nc5 {[%emt 0:00:42] Hoping for g5.} (13. g5 $5 Nd7 14. Bb5 $11) 13... Qc8 (13... Qc7 $11 14. g5 dxc5 15. gxf6 Bxf6) 14. g5 $1 $14 dxc5 15. gxf6 Bxf6 16. Rg1 Kh8 {[%emt 0:00:23] [#]} 17. Bb5 $146 ({Predecessor:} 17. h4 c4 18. h5 Bh4 19. Qg2 Rg8 20. Qh2 Bf6 21. h6 g6 22. f4 Rd8 23. Be2 {1-0 (41) McKenzie,C (2345)-Zaas,D (2289) ICCF email 2015}) 17... c4 (17... Bxh3 $2 18. Rg3 Rd8 19. Rh1 $18) 18. h4 Nc6 (18... Rd8 $11) 19. Bg5 {[%emt 0:02:20] White is more active.} (19. h5 $16 {Strongly threatening h6.} Nd4 20. Qg3) 19... Bxg5+ 20. hxg5 f5 21. Qh5 {[%emt 0:01:46][%mdl 1024] Black must now prevent Rh1. White has compensation.} (21. Rh1 $5 ) 21... Qe8 22. g6 (22. Qxe8 $1 $14 Raxe8 23. Rge1) 22... h6 $11 23. Nd5 {[%emt 0:01:04] aiming for Rh1.} Rc8 $2 (23... fxe4 $11 24. Nc7 Qe7 25. Nxa8 c3) 24. f3 $2 (24. Rh1 $1 $18 {Intending Qg5 and mate.} Qd8 25. Ne3) 24... fxe4 25. fxe4 Rf2 26. c3 $2 (26. Rgf1 $11 {and White stays safe.} Rxf1 27. Rxf1) 26... Qf8 $19 {[%emt 0:00:30][%cal Oc6b4] Threatens to win with ...Nb4!} 27. Kb1 {[%emt 0:01:11] [#]} Nd4 $2 28. Qxe5 $11 {[%emt 0:00:43] The position is equal.} ({Not} 28. cxd4 $2 Bxd5 29. Qxh6+ gxh6 $19) 28... Rxb2+ 29. Kxb2 {[%emt 0:00:36] The board is on fire.} Qf2+ 30. Ka1 Nc2+ 31. Kb1 Na3+ 32. Ka1 Nc2+ 33. Kb1 Na3+ 34. Ka1 {[%emt 0:00:21] And now Rgf1 would win.} Nc2+ {[%emt 0:00:21] Weighted Error Value: White=0.47/Black=0.36} 1/2-1/2

[Event "FTX Road to Miami Prelims 2022"]
[Site "Online"]
[Date "2022.07.04"]
[Round "3.1"]
[White "Wei, Yi"]
[Black "Niemann, Hans Moke"]
[Result "1/2-1/2"]
[ECO "C65"]
[WhiteElo "2727"]
[BlackElo "2688"]
[Annotator "TA"]
[PlyCount "176"]
[EventDate "2022.07.10"]
[EventType "tourn"]
[EventCountry "NET"]
[SourceTitle "playchess.com"]
[Source "ChessBase"]
[SourceQuality "1"]
[TimeControl "40/5400+30:1800+30"]

1. e4 e5 2. Nf3 Nc6 3. Bb5 Nf6 4. d3 Bc5 5. Bxc6 dxc6 6. Nbd2 {[%emt 0:00:21] C65: Ruy Lopez: Berlin Defence (3...Nf6), unusual lines and 4 0-0 Bc5.} Be6 7. O-O Qd6 8. Nb3 {[%emt 0:02:05] White has an edge.} Bb6 9. Bd2 {[%emt 0:00:23][%cal Bc1d2,Bd2c3,Bc3e5][%mdl 32] [#]} a5 $146 ({Predecessor:} 9... Nd7 10. Ng5 Bxb3 11. axb3 f6 12. Nf3 O-O 13. Nh4 Qe6 14. Kh1 Rad8 15. g4 g6 {½-½ (48) Wei,Y (2694)-Anand,V (2770) Leon 2016}) 10. Qe1 a4 11. Na5 Ra7 12. Nc4 Bxc4 13. dxc4 O-O 14. Bc3 Re8 15. Rd1 Qc5 16. b3 Qa3 (16... axb3 $16 17. axb3 Qe7) 17. Qe2 (17. Nxe5 $6 Raa8 $14) (17. Bxe5 $6 axb3 18. axb3 Qe7 $16) (17. b4 $1 $18) 17... Raa8 $16 18. Bxe5 Qe7 19. h3 {[%emt 0:01:06] Prevents Ng4.} axb3 20. cxb3 h6 21. Qb2 Nxe4 22. Bxg7 Qe6 ({Black should play} 22... Qa3 $14) 23. Bd4 $18 Bxd4 24. Rxd4 (24. Nxd4 Qg6 $16) 24... Qf6 25. Qc2 Nc5 26. Rfd1 Kh8 27. Qd2 Ne6 28. Rh4 Kg7 (28... Kh7 $16 29. Re1 Rg8) 29. Rg4+ Kh8 30. Rh4 Kg7 31. Rg4+ (31. Re1 $142) 31... Kh8 {[%emt 0:00:21] [#]} 32. Ne5 $1 h5 $2 (32... Re7 33. Re1 Rd8) (32... Nf8 33. f4) 33. Re4 $2 (33. Nd7 Qf5 34. Qh6+ Qh7 35. Qf6+ Ng7 36. Rg5) 33... Kg8 $2 (33... Nc5 $2 34. Nxf7+ $1 Qxf7 35. Rxe8+ Rxe8 36. Qd4+ Kh7 37. Qxc5) (33... Rad8 34. Nd7 Qg6 35. Qb2+ f6) 34. Nd7 Qg7 35. Qe2 Qg6 36. Qxh5 Qxh5 37. Nf6+ Kf8 38. Nxh5 Rxa2 39. Nf6 Rea8 40. Nd7+ Kg7 41. Rg4+ Kh7 $2 (41... Kh6 42. Ne5 Ra1 43. Rxa1 Rxa1+ 44. Kh2 Kh7 45. Nxf7 Rb1 46. Ng5+ Nxg5) 42. Rh4+ Kg6 43. Rg4+ $2 ({White must play} 43. Rd3 $18) 43... Kf5 (43... Kh7 $11 {and Black has nothing to worry.}) 44. Rd3 Ng5 {[%emt 0:00:33] Prevents Rf3+.} 45. Rdg3 (45. Re3 $142 {Intending Re5+ and mate.} f6 46. Rd4) 45... f6 {[%emt 0:00:41] [#]} 46. Nxf6 $1 Nxh3+ 47. gxh3 {[%emt 0:01:02] Rf3+ would kill now.} Kxf6 {[%emt 0:00:21][%mdl 4096] Endgame KRR-KRR} 48. Rg7 Ke5 (48... Rc8 $16 {was necessary.} 49. h4 Rh8) 49. Rf3 (49. Rxc7 $18 Rf8 50. Rg2 (50. Rxb7 Rfxf2 51. Re7+ Kd4 $16)) 49... Kd6 $16 50. Rf6+ Kc5 (50... Ke5 $16 51. Rf3 Kd6) 51. Rxc7 $18 Rg8+ 52. Kh2 Ra1 53. Rf3 b6 54. b4+ ({And not} 54. Rf6 Rag1 55. Rfxc6+ (55. Rcxc6+ Kb4 $11) 55... Kd4 56. Rd6+ Kc3 $11) 54... Kxc4 55. Rxc6+ Kb5 56. Re6 Rgg1 (56... Rb8 $142 57. Rff6 Rb1) 57. Rf5+ Kxb4 58. Rxb6+ Kc4 (58... Kc3 $142 59. Rh6 Kd3) 59. Rh6 Kd3 60. Re6 {[%emt 0:00:38] Black must now prevent Rf4.} Kd4 61. Re3 Rgf1 $2 (61... Raf1 62. Rf4+ Kd5) 62. Kg2 Rg1+ 63. Kf3 Rg8 (63... Rh1 {is a better defense.} 64. Re4+ Kd3 65. Rd5+ Kc3) 64. Re4+ Kd3 65. Re3+ Kd4 66. Re4+ Kd3 67. Rg4 Rh8 (67... Re8 $142 68. Rd5+ Kc3) 68. Kg2 Re1 69. Rf3+ Kd2 70. Ra4 {[%emt 0:00:27] Ra2+ is the strong threat.} Re7 (70... Kc2 $142 71. h4 Re5) 71. Ra2+ Kc1 72. Re3 Rg8+ 73. Kf1 Rxe3 74. fxe3 {[%emt 0:00:20] KR-KR} Rg3 75. e4 (75. Rh2 $142 Kd1 76. h4) 75... Rxh3 76. e5 {[%emt 0:00:30] Hoping for Kg2.} Kd1 {[%emt 0:00:21] [#]} 77. e6 $2 (77. Ra5 $1 $18 Kd2 78. Kf2) 77... Rf3+ $11 {[%emt 0:00:35] The position is equal.} 78. Kg2 Re3 79. Ra6 {[%emt 0:00:25] Threatens to win with Kf2.} Ke2 80. Rd6 Ke1 81. Rb6 Ke2 82. Rd6 Ke1 83. Rb6 Ke2 84. Rb2+ Ke1 85. Rf2 Rxe6 {[%emt 0:00:24] ( -> ...Rg6+)} 86. Rf3 Ke2 87. Ra3 Re3 88. Rxe3+ Kxe3 {[%emt 0:00:20] White really could win this.  Weighted Error Value: White=0.42/Black=0.41} 1/2-1/2